 Dungeon Crawl Stone Soup version bcrawl-1.21.2-1-g32d02e0829 (webtiles) character file.

Game seed: 8050656819854996614

312 Freyura the Ruffian (level 6, -7/61 HPs)
             Began as a Troll Berserker on Feb 24, 2020.
             Was an Initiate of the Shining One.
             Mangled by a polar bear (25 damage)
             ... created by the rage of Trog
             ... on level 4 of the Dungeon.
             The game lasted 00:07:02 (2685 turns).

Freyura the Ruffian (Troll Berserker)               Turns: 2685, Time: 00:07:03

Health: -7/61      AC:  6    Str: 26    XL:     6   Next: 18%
Magic:  6/6        EV: 10    Int:  4    God:    the Shining One [......]
Gold:   322        SH:  0    Dex: 11    Spells: 5/5 levels left

rFire    . . .     SeeInvis +     - Unarmed
rCold    . . .     Gourm    +   (no shield)
rNeg     . . .     Faith    .   (armour unavailable)
rPois    .         Spirit   .   (helmet restricted)
rElec    .         Reflect  .   (no cloak)
rCorr    .         Harm     .   (gloves unavailable)
MR       .....                  (boots unavailable)
Stlth    +.........             (no amulet)
HPRegen  0.60/turn              b - ring of see invisible
MPRegen  0.10/turn              (no ring)

@: glowing
A: large, almost no armour, unfitting armour, claws 3, fast metabolism 3,
gourmand, regeneration 1, AC +6
a: Renounce Religion


You were on level 4 of the Dungeon.
You worshipped the Shining One.
The Shining One was noncommittal.
You were full.

You visited 1 branch of the dungeon, and saw 4 of its levels.

You collected 322 gold pieces.

Inventory:

Missiles
 a - 2 throwing nets (quivered) {!f}
Jewellery
 b - a ring of see invisible (left claw)
Scrolls
 d - a scroll of remove curse
 g - a scroll of teleportation
 h - a scroll of fear
Potions
 c - 2 potions of agility
 f - a potion of haste {unknown}
Comestibles
 e - 10 rations {!d}


   Skills:
 + Level 3.6 Fighting
 - Level 2.4 Dodging
 * Level 5.5 Unarmed Combat
 + Level 2.3 Invocations


You had 5 spell levels left.
You didn't know any spells.
Your spell library contained the following spells:

 Spells                   Type           Power        Failure   Level  Hunger
 Corona                   Hex            #......      50%         1    ##.....
 Ensorcelled Hibernation  Hex/Ice        #.....       65%         2    ###....
 Confuse                  Hex            #.......     86%         3    ####...
 Dazzling Spray           Conj/Hex       #.....       86%         3    ####...
 Tukima's Dance           Hex            #.......     86%         3    ####...


Dungeon Overview and Level Annotations

Branches:
Dungeon (4/12)
 Temple: D:4-7

Altars:
Elyvilon
Hepliaklqana
Lugonu
Ru
Uskayaw
Xom
Yredelemnul
The Shining One


Innate Abilities, Weirdness & Mutations

You cannot wear most types of armour.
Your thick skin is tough. (AC +6)
You are too large for most types of armour.
You have claws for hands.
Your metabolism is lightning-fast.
You like to eat raw meat.
Your natural rate of healing is unusually fast.


Message History

The black bear closely misses you. The black bear bites you!
The black bear closely misses you. The black bear barely misses you.
The black bear bites you. The black bear claws you.
The black bear barely misses you. The black bear closely misses you.
The black bear barely misses you.
The black bear claws you but does no damage.
The black bear bites you. The black bear misses you.
The black bear claws you but does no damage.
The polar bear rages.
The black bear rages.
The black bear bites you! The black bear claws you.
* * * LOW HITPOINT WARNING * * *
The black bear claws you.
* * * LOW HITPOINT WARNING * * *
The black bear bites you but does no damage.
The black bear claws you but does no damage. x2
You claw the polar bear!
The polar bear is moderately wounded.
The polar bear bites you!!
You die...

#.. ..## #..#
#..#
######.##
##......h##
.......hhh##
.....####hh##
#####
###@####
#....####
#.......###
#....###..#
#...####.##
#..###...#
#..#.....#
#........#
#.......##


You could see 2 polar bears and 4 black bears.

Vanquished Creatures
  A phantom (D:3)
  A hound (D:4)
  An orc wizard (D:4)
  An iguana (D:4)
  A hound skeleton (D:4)
  A howler monkey skeleton (D:4)
  4 adders (D:3)
  An ooze (D:3)
  2 worms
  3 dart slugs
  A leopard gecko (D:1)
  7 orcs
  3 giant cockroaches
  6 goblins
  6 hobgoblins
  3 quokkas
  A ball python (D:1)
  4 bats
  A frilled lizard (D:1)
  8 kobolds
  2 rats (D:2)
58 creatures vanquished.

Notes
Turn   | Place    | Note
-------+----------+-------------------------------------------
     0 | D:1      | Freyura the Troll Berserker began the quest for the Orb.
     0 | D:1      | Reached XP level 1. HP: 22/22 MP: 0/0
   164 | D:1      | Reached XP level 2. HP: 29/29 MP: 1/1
   856 | D:2      | Reached XP level 3. HP: 35/36 MP: 2/2
   933 | D:2      | Reached skill level 4 in Unarmed Combat
   961 | D:2      | Found a hide-covered altar of Uskayaw.
  1075 | D:2      | Found a sacrificial altar of Ru.
  1082 | D:2      | Found a white marble altar of Elyvilon.
  1088 | D:2      | Found a corrupted altar of Lugonu.
  1148 | D:2      | Found a basalt altar of Yredelemnul.
  1274 | D:2      | Found a glowing golden altar of the Shining One.
  1407 | D:2      | Found a glowing golden altar of the Shining One.
  1592 | D:2      | Noticed an angel
  1598 | D:2      | Fell from the grace of Trog
  1598 | D:2      | Became a worshipper of the Shining One
  2016 | D:3      | Gained mutation: Your natural rate of healing is unusually
                  | fast. [Troll growth]
  2016 | D:3      | Reached XP level 4. HP: 29/45 MP: 3/3
  2160 | D:3      | Found a shimmering altar of Xom.
  2172 | D:3      | Reached skill level 1 in Invocations
  2190 | D:3      | Noticed a phantom
  2205 | D:3      | Killed a phantom
  2205 | D:3      | Reached skill level 5 in Unarmed Combat
  2205 | D:3      | Reached XP level 5. HP: 32/53 MP: 3/5
  2506 | D:4      | Found a hazy altar of Hepliaklqana.
  2569 | D:4      | Found a sacrificial altar of Ru.
  2577 | D:4      | Reached XP level 6. HP: 61/61 MP: 6/6
  2678 | D:4      | Noticed a polar bear
  2678 | D:4      | Noticed a polar bear
  2685 | D:4      | Mangled by a polar bear

Skill      XL: |  1  2  3  4  5 |
---------------+----------------+-----
Unarmed Combat | 4 5 |  5.5
Fighting       | 3 |  3.6
Invocations    | 1 2 |  2.3
Dodging        | |  2.4

Action                   |  1- 3 |  4- 6 || total
-------------------------+-------+-------++-------
Melee: Unarmed           |   122 |    64 ||   186
       Punch             |     1 |     1 ||     2
  Use: Scroll            |       |     7 ||     7
  Eat: Chunk             |    18 |     1 ||    19
Armor: Skin              |    39 |    23 ||    62
Dodge: Dodged            |    64 |    29 ||    93
